 Dungeon Crawl Stone Soup version 0.31-a0-1529-g7bd419a0e5 (webtiles) character file.

Game seed: 276644440809407053

9835 graki42 the Destroyer (level 11, -17/83 HPs)
             Began as a Gnoll Conjurer on Dec 31, 2023.
             Was an Elder of Sif Muna.
             Demolished by a two-headed ogre
             ... wielding a +2 antimagic great mace
              (36 damage)
             ... on level 9 of the Dungeon.
             The game lasted 00:40:58 (11796 turns).

graki42 the Destroyer (Gnoll Conjurer)             Turns: 11796, Time: 00:40:58

Health: -17/83     AC:  3    Str: 10    XL:     11   Next: 52%
Magic:  10/23      EV: 17    Int: 23    God:    Sif Muna [****..]
Gold:   346        SH:  0    Dex: 19    Spells: 15/26 levels left

rFire   . . .        x - +8 rapier "Pogeob" {speed, rC+ Will+ Int+4 Dex+3}
rCold   + . .        (no shield)
rNeg    . . .        a - +0 robe
rPois   .            G - +0 helmet
rElec   .            (no cloak)
rCorr   .            (no gloves)
SInv    .            (no boots)
Will    +....        z - amulet of regeneration
Stlth   ++           c - +6 ring of dexterity
HPRegen 1.13/turn    (no ring)
MPRegen 0.18/turn

%: no passive effects
@: confused, ambrosia-drunk, very slightly contaminated
A: fangs 1, strong nose, distributed training
a: Renounce Religion, Channel Magic, Forget Spell, Divine Exegesis


You were on level 9 of the Dungeon.
You worshipped Sif Muna.
Sif Muna was greatly pleased with you.
You visited 2 branches of the dungeon, and saw 10 of its levels.

You collected 346 gold pieces.

Inventory:

Hand Weapons
 h - a +1 dagger of venom
 x - the +8 rapier "Pogeob" (weapon) {speed, rC+ Will+ Int+4 Dex+3}
   (You found it on level 2 of the Dungeon)

   Int+4:     It affects your intelligence (+4).
   Dex+3:     It affects your dexterity (+3).
   rC+:       It protects you from cold.
   Will+:     It increases your willpower.
Missiles
 t - 35 poisoned darts (quivered)
 E - a throwing net
Armour
 a - a +0 robe (worn)
 q - a +0 buckler
 B - an orb of light
 F - +0 steam dragon scales
 G - a +0 helmet (worn)
Magical Staves
 d - a staff of fire
Jewellery
 c - a +6 ring of dexterity (left hand)
 y - an amulet of the acrobat
 z - an amulet of regeneration (around neck)
Wands
 w - a wand of flame (5)
 C - a wand of polymorph (9)
Scrolls
 f - 5 scrolls of identify
 g - 2 scrolls of immolation {unknown}
 j - a scroll of vulnerability {unknown}
 l - a scroll of brand weapon {unknown}
 n - 2 scrolls of fear {unknown}
 o - 3 scrolls of noise {unknown}
 p - 5 scrolls of teleportation
 u - a scroll of summoning {unknown}
 v - 2 scrolls of amnesia {unknown}
 A - 2 scrolls of revelation {unknown}
 J - 2 scrolls of blinking {unknown}
Potions
 b - 2 potions of magic
 e - 2 potions of attraction {unknown}
 i - a potion of might {unknown}
 k - 2 potions of curing {unknown}
 m - 2 potions of enlightenment {unknown}
 r - 3 potions of heal wounds {unknown}
 s - 2 potions of ambrosia
 D - a potion of resistance {unknown}
 H - a potion of cancellation {unknown}
 I - a potion of haste {unknown}
 K - a potion of mutation {unknown}
 L - 2 potions of degeneration {unknown}
 M - a potion of brilliance {unknown}


   Skills:
 + Level 6.6 Fighting
 + Level 6.6 Short Blades
 + Level 6.6 Long Blades
 + Level 6.6 Axes
 + Level 6.6 Maces & Flails
 + Level 6.6 Polearms
 + Level 6.6 Staves
 + Level 6.6 Ranged Weapons
 + Level 6.6 Throwing
 + Level 6.6 Armour
 + Level 8.1 Dodging
 + Level 7.9 Stealth
 + Level 6.6 Shields
 + Level 6.6 Unarmed Combat
 + Level 8.4 Spellcasting
 + Level 9.1 Conjurations
 + Level 5.5 Hexes
 + Level 5.5 Summonings
 + Level 5.5 Necromancy
 + Level 5.5 Translocations
 + Level 5.5 Fire Magic
 + Level 5.5 Ice Magic
 + Level 5.5 Air Magic
 + Level 5.5 Earth Magic
 + Level 5.5 Alchemy
 + Level 7.2 Invocations
 + Level 6.6 Evocations
 + Level 6.0 Shapeshifting


You had 15 spell levels left.
You knew the following spells:

 Your Spells              Type           Power      Damage    Failure   Level
a - Magic Dart            Conj           100%       1d8       1%          1
b - Searing Ray           Conj           100%       2d8       1%          2
c - Fulminant Prism       Conj/Alch      21%        3d12      3%          4
d - Iskenderun's Mystic   Conj/Tloc      43%        2d10      3%          4

Your spell library contained the following spells:

 Spells                   Type           Power      Damage    Failure   Level
 Blink                    Tloc           68%        N/A       1%          2
 Call Imp                 Summ           68%        N/A       1%          2
 Ensorcelled Hibernation  Hex/Ice        68%        N/A       1%          2
 Sublimation of Blood     Necr           34%        N/A       1%          2
 Passwall                 Erth           34%        N/A       1%          3
 Swiftness                Air            34%        N/A       1%          3
 Summon Hydra             Summ           17%        N/A       99%         7


Dungeon Overview and Level Annotations

Branches:
Dungeon (9/15)             Temple (1/1) D:4             Orc (0/2) D:9
   Lair: D:8-11

Altars:
Ashenzari
Cheibriados
Dithmenos
Gozag
Hepliaklqana
Kikubaaqudgha
Makhleb
Nemelex Xobeh
Okawaru
Qazlal
Ru
Sif Muna
Trog
Uskayaw
Vehumet
Wu Jian
Yredelemnul
Zin

Shops:
D:1 *[[   D:4 [

Annotations:
D:9 1 transporter, Domino's ghost, novice MiFi


Innate Abilities, Weirdness & Mutations

You have very sharp teeth.
Your uncanny sense of smell can sniff out nearby items.
Your experience applies equally to all skills.


Message History

The troll is heavily wounded.
The troll is knocked back by the mystic blast.
The mystic blast hits the moth of wrath!
The moth of wrath is severely wounded.
The moth of wrath is knocked back by the mystic blast.
The mystic blast hits the two-headed ogre.
The two-headed ogre is heavily wounded.
The two-headed ogre is knocked back by the mystic blast.
The two-headed ogre slams into the rock wall!
The two-headed ogre is heavily wounded.
Unknown command.
Casting: Iskenderun's Mystic Blast (dangerous; 3% risk of failure)
Confirm with . or Enter, or press ? or * to list all spells.
You erupt in a blast of force!
The mystic blast hits Domino's ghost!
Domino's ghost is moderately damaged.
Domino's ghost is knocked back by the mystic blast.
The mystic blast hits the orc warrior!
The orc warrior is moderately wounded.
The orc warrior is knocked back by the mystic blast.
The mystic blast hits the two-headed ogre!
The two-headed ogre is severely wounded.
The two-headed ogre is knocked back by the mystic blast.
The two-headed ogre slams into the rock wall!
The two-headed ogre is severely wounded.
The moth of wrath goads the orc warrior on!
The orc warrior goes berserk!
The two-headed ogre hits you with a +2 antimagic great mace!!
* * * LOW HITPOINT WARNING * * *
You feel your power leaking away. The two-headed ogre barely misses you.
It was a potion of ambrosia.
You are confused.
You feel invigorated.
You feel less invigorated.
The two-headed ogre completely misses you.
The two-headed ogre closely misses you.
You hit the two-headed ogre.
You bite the two-headed ogre, but do no damage.
The two-headed ogre is severely wounded.
The two-headed ogre hits you with a +2 antimagic great mace!!!
You die...

#...##Q#...# #...#.....#
#..##.##..#≈####..#####.#
#..#..#≈$!?##..#..# #.##
#..#..##._. ©#..# ##...
#..#.T..o. #..# #....
#..##..!Q# ##..# #....
#...#..y.### #...# #....
##..##.WoO.# ##..## #....
#...###.@.###...######...
##....#####....##...##.(.
###....©................
###.....##......)...))
########............
#.......>....
##..##..##.##
#########.## #....(...


You could see a tengu warrior, a two-headed ogre (berserk), a moth of wrath, a
troll, 2 orc warriors and Domino's ghost.

Vanquished Creatures
  2 two-headed ogres (D:9)
  An ugly thing (D:9)
  2 cyclopes (D:9)
  A gargoyle (D:9)
  Maggie (D:7)
  A freezing wraith (D:9)
  Psyche (D:8)
  A troll (D:9)
  A hornet (D:9)
  2 shadows (D:9)
  A wraith (D:9)
  4 wyverns
  A vampire (D:9)
  Eustachio (D:5)
  4 yaks (D:9)
  2 steam dragons
  A vampire mosquito (D:9)
  2 water moccasins
  3 orc warriors
  2 black bears
  3 ogres
  A centaur (D:8)
  5 kobold brigands
  6 bullfrogs
  A gnoll sergeant (D:9)
  4 scorpions
  4 wights (D:8)
  A killer bee (D:9)
  3 bombardier beetles
  3 jellies
  2 gnoll boudas
  6 orc priests
  4 hounds
  3 sleepcaps
  Natasha (thrice) (D:4)
  3 iguanas (D:5)
  14 orc wizards
  9 gnolls
  7 adders
  A shadow imp (D:5)
  2 ufetubi (D:6)
  3 dart slugs
  3 ribbon worms
  35 orcs
  12 ball pythons
  7 bats
  6 endoplasms
  4 giant cockroaches
  4 hobgoblins
  7 jackals (D:5)
  3 quokkas
  A frilled lizard (D:2)
  7 goblins
  23 kobolds
  5 rats
  A spectral kobold (D:4)
240 creatures vanquished.

Vanquished Creatures (others)
  54 fulminant prisms
54 creatures vanquished.

Grand Total: 294 creatures vanquished

Notes
Turn   | Place    | Note
-------+----------+-------------------------------------------
     0 | D:1      | graki42 the Gnoll Conjurer began the quest for the Orb.
     0 | D:1      | Reached XP level 1. HP: 13/13 MP: 6/6
   190 | D:1      | Reached XP level 2. HP: 19/19 MP: 4/7
   193 | D:1      | Learned a level 2 spell: Searing Ray
   346 | D:1      | Found Vofrots's Assorted Antiques.
   385 | D:1      | Found a faded altar of an unknown god.
   595 | D:1      | Reached skill level 5 in Spellcasting
   595 | D:1      | Reached XP level 3. HP: 22/25 MP: 7/9
   670 | D:1      | Found Gafootewi's Armour Shoppe.
   796 | D:1      | Found Wiug's Antique Armour Shop.
  1133 | D:2      | Reached skill level 1 in Invocations
  1226 | D:2      | Reached skill level 1 in Fighting
  1226 | D:2      | Reached skill level 1 in Short Blades
  1226 | D:2      | Reached skill level 1 in Long Blades
  1226 | D:2      | Reached skill level 1 in Axes
  1226 | D:2      | Reached skill level 1 in Maces & Flails
  1226 | D:2      | Reached skill level 1 in Polearms
  1226 | D:2      | Reached skill level 1 in Staves
  1226 | D:2      | Reached skill level 1 in Ranged Weapons
  1226 | D:2      | Reached skill level 1 in Throwing
  1226 | D:2      | Reached skill level 1 in Armour
  1226 | D:2      | Reached skill level 1 in Shields
  1226 | D:2      | Reached skill level 1 in Unarmed Combat
  1226 | D:2      | Reached skill level 1 in Evocations
  1418 | D:2      | Reached skill level 1 in Shapeshifting
  1418 | D:2      | Reached XP level 4. HP: 28/32 MP: 11/11
  1554 | D:2      | Reached skill level 1 in Hexes
  1554 | D:2      | Reached skill level 1 in Summonings
  1554 | D:2      | Reached skill level 1 in Necromancy
  1554 | D:2      | Reached skill level 1 in Translocations
  1554 | D:2      | Reached skill level 1 in Fire Magic
  1554 | D:2      | Reached skill level 1 in Ice Magic
  1554 | D:2      | Reached skill level 1 in Air Magic
  1554 | D:2      | Reached skill level 1 in Earth Magic
  1554 | D:2      | Reached skill level 1 in Alchemy
  1572 | D:2      | Identified the +8 rapier "Pogeob" {speed, rC+ Will+ Int+4
                  | Dex+3}
  1915 | D:3      | Reached XP level 5. HP: 37/37 MP: 7/12
  2839 | D:4      | Noticed a +0 falchion
  2839 | D:4      | Noticed a +0 spear
  2840 | D:4      | Noticed a +0 dagger
  2840 | D:4      | Noticed a +0 dagger
  2840 | D:4      | Noticed a +0 spear
  2842 | D:4      | Noticed a +0 short sword
  2842 | D:4      | Noticed a +0 falchion
  2851 | D:4      | Found a hide-covered altar of Uskayaw.
  2853 | D:4      | Noticed a +0 short sword
  2888 | D:4      | Found a staircase to the Ecumenical Temple.
  2896 | Temple   | Entered the Ecumenical Temple
  2922 | Temple   | Became a worshipper of Sif Muna the Loreminder
  2998 | D:4      | Found Ypnidiz's Armour Shop.
  3040 | D:4      | Noticed Natasha
  3047 | D:4      | Killed Natasha
  3094 | D:4      | Noticed Natasha
  3095 | D:4      | Found a sacrificial altar of Ru.
  3100 | D:4      | Killed Natasha
  3218 | D:4      | Reached XP level 6. HP: 44/44 MP: 9/14
  3381 | D:4      | Reached skill level 5 in Dodging
  3609 | D:4      | Noticed a black bear
  3618 | D:4      | Learned a level 4 spell: Fulminant Prism
  3623 | D:4      | Learned a level 4 spell: Iskenderun's Mystic Blast
  3628 | D:4      | Killed a black bear
  3742 | D:4      | Noticed Natasha
  3745 | D:4      | Killed Natasha
  4015 | D:4      | Found a hazy altar of Hepliaklqana.
  4183 | D:5      | Entered Level 5 of the Dungeon
  4212 | D:5      | Reached XP level 7. HP: 48/50 MP: 11/15
  4322 | D:5      | Noticed Eustachio
  4336 | D:5      | Killed Eustachio
  4337 | D:5      | Reached skill level 5 in Stealth
  4564 | D:5      | Reached XP level 8. HP: 58/58 MP: 8/16
  4658 | D:5      | Reached * piety under Sif Muna
  5487 | D:5      | Found a snail-covered altar of Cheibriados.
  6019 | D:6      | Found a basalt altar of Yredelemnul.
  6172 | D:6      | Found an opulent altar of Gozag.
  6418 | D:6      | Reached ** piety under Sif Muna
  6419 | D:6      | Reached XP level 9. HP: 61/65 MP: 0/18
  6758 | D:7      | Reached skill level 8 in Conjurations
  6782 | D:7      | Found an ornate altar of the Wu Jian Council.
  7372 | D:7      | Noticed Maggie
  7395 | D:7      | Killed Maggie
  7396 | D:7      | Reached skill level 5 in Invocations
  7759 | D:8      | Noticed Psyche
  7768 | D:8      | Killed Psyche
  8331 | D:8      | Reached skill level 5 in Fighting
  8331 | D:8      | Reached skill level 5 in Short Blades
  8331 | D:8      | Reached skill level 5 in Long Blades
  8331 | D:8      | Reached skill level 5 in Axes
  8331 | D:8      | Reached skill level 5 in Maces & Flails
  8331 | D:8      | Reached skill level 5 in Polearms
  8331 | D:8      | Reached skill level 5 in Staves
  8331 | D:8      | Reached skill level 5 in Ranged Weapons
  8331 | D:8      | Reached skill level 5 in Throwing
  8331 | D:8      | Reached skill level 5 in Armour
  8331 | D:8      | Reached skill level 5 in Shields
  8331 | D:8      | Reached skill level 5 in Unarmed Combat
  8331 | D:8      | Reached skill level 5 in Evocations
  8331 | D:8      | Reached XP level 10. HP: 23/74 MP: 1/20
  8728 | D:8      | Reached *** piety under Sif Muna
  9369 | D:9      | Found a staircase to the Orcish Mines.
  9495 | D:9      | Noticed a gargoyle
  9506 | D:9      | Killed a gargoyle
  9507 | D:9      | Reached skill level 5 in Shapeshifting
  9737 | D:9      | Noticed a cyclops
  9819 | D:9      | Killed a cyclops
 10198 | D:9      | Noticed a two-headed ogre
 10218 | D:9      | Noticed a two-headed ogre
 10242 | D:9      | Killed a two-headed ogre
 10243 | D:9      | Reached skill level 5 in Hexes
 10243 | D:9      | Reached skill level 5 in Summonings
 10243 | D:9      | Reached skill level 5 in Necromancy
 10243 | D:9      | Reached skill level 5 in Translocations
 10243 | D:9      | Reached skill level 5 in Fire Magic
 10243 | D:9      | Reached skill level 5 in Ice Magic
 10243 | D:9      | Reached skill level 5 in Air Magic
 10243 | D:9      | Reached skill level 5 in Earth Magic
 10243 | D:9      | Reached skill level 5 in Alchemy
 10425 | D:9      | Reached XP level 11. HP: 80/81 MP: 14/22
 10506 | D:9      | Reached **** piety under Sif Muna
 10521 | D:9      | Noticed a two-headed ogre
 10694 | D:9      | Noticed a red ugly thing
 10747 | D:9      | Killed a red ugly thing
 10782 | D:9      | Found a transporter.
 10787 | D:9      | Noticed a two-headed ogre
 10788 | D:9      | Noticed Domino's ghost (novice MiFi)
 10790 | D:9      | Noticed a moth of wrath
 10791 | D:9      | Found a bloodstained altar of Trog.
 10807 | D:9      | Found a transporter.
 10938 | D:9      | Killed a two-headed ogre
 10939 | D:9      | Reached skill level 9 in Conjurations
 11499 | D:9      | Noticed a cyclops
 11517 | D:9      | Killed a cyclops
 11778 | D:9      | Noticed a tengu warrior
 11796 | D:9      | Demolished by a two-headed ogre

Illustrated notes

Levels and vault maps discovered:
D:1:      matt_arrival_refuge, layout_loops_cross, serial_shops,
          nicolae_shop_real_fake_doors, shop, shop,
          chequers_ecumenical_altar_simple, kennysheep_decorative_pillar
D:2:      layout_loops_ring, kennysheep_potato
D:3:      layout_basic
D:4:      layout_loops_corners, nicolae_uskayaw_en_pointe,
          nicolae_overflow_crystal_walls,
          nicolae_hepliaklqana_monster_ancestors,
          minmay_temple_entry_sparse_star, serial_shops, shop,
          grunt_ministairs_1, uniq_natasha
D:5:      layout_loops_ring, cheibrodos_worm_habitat, uniq_eustachio
D:6:      layout_loops_ring, old_standard_altar, grunt_gozag_breadcrumbs
D:7:      layout_basic, xom_confusion_cloud, mainiacjoe_overflow_cross_hatched,
          uniq_maggie
D:8:      layout_layer_cave, nicolae_two_hexagons, item_on_display_a,
          uniq_psyche, uniq_grum
D:9:      nzn_winding_woodlands_medium [nzn_winding_woodlands_5x5_checkerboard,
          nzn_winding_woodlands_5x15_zeroes,
          nzn_winding_woodlands_5x5_perimeter, nzn_winding_woodlands_5x5_three,
          nzn_winding_woodlands_center_garden, nzn_winding_woodlands_hourglass,
          nzn_winding_woodlands_5x5_closed_star,
          nzn_winding_woodlands_5x15_pockets,
          nzn_winding_woodlands_5x5_default], layout_gridville,
          minmay_orc_entry_temple_small, gammafunk_ghost_wrathful_warriors
Temple:   chequers_temple_sunken

Skill      XL: |  1  2  3  4  5  6  7  8  9 10 11 |
---------------+----------------------------------+-----
Spellcasting   | 5 6 7 8 |  8.4
Invocations    | 1 2 3 4 5 6 7 |  7.2
Fighting       | 1 2 3 4 5 6 |  6.6
Short Blades   | 1 2 3 4 5 6 |  6.6
Long Blades    | 1 2 3 4 5 6 |  6.6
Axes           | 1 2 3 4 5 6 |  6.6
Maces & Flails | 1 2 3 4 5 6 |  6.6
Polearms       | 1 2 3 4 5 6 |  6.6
Staves         | 1 2 3 4 5 6 |  6.6
Ranged Weapons | 1 2 3 4 5 6 |  6.6
Throwing       | 1 2 3 4 5 6 |  6.6
Armour         | 1 2 3 4 5 6 |  6.6
Shields        | 1 2 3 4 5 6 |  6.6
Unarmed Combat | 1 2 3 4 5 6 |  6.6
Evocations     | 1 2 3 4 5 6 |  6.6
Shapeshifting  | 1 2 3 4 5 6 |  6.0
Hexes          | 1 2 3 4 5 |  5.5
Summonings     | 1 2 3 4 5 |  5.5
Necromancy     | 1 2 3 4 5 |  5.5
Translocations | 1 2 3 4 5 |  5.5
Fire Magic     | 1 2 3 4 5 |  5.5
Ice Magic      | 1 2 3 4 5 |  5.5
Air Magic      | 1 2 3 4 5 |  5.5
Earth Magic    | 1 2 3 4 5 |  5.5
Alchemy        | 1 2 3 4 5 |  5.5
Dodging        | 5 6 7 8 |  8.1
Stealth        | 5 6 7 |  7.9
Conjurations   | 8 9 |  9.1

Action                     |  1- 3 |  4- 6 |  7- 9 | 10-12 || total
---------------------------+-------+-------+-------+-------++-------
  Melee: Dagger            |    64 |    50 |       |       ||   114
         Bite              |     5 |     4 |     3 |     4 ||    16
         Rapier            |       |     8 |    28 |    47 ||    83
         Punch             |       |     2 |       |       ||     2
  Throw: Dart              |       |       |     1 |       ||     1
   Cast: Magic Dart        |    19 |    28 |    36 |    65 ||   148
         Searing Ray       |       |    11 |    50 |    21 ||    82
         Fulminant Prism   |       |     1 |    18 |    35 ||    54
         Iskenderun's Myst |       |       |     5 |    45 ||    50
 Invoke: Channel Magic     |       |       |     1 |     3 ||     4
    Use: Scroll            |       |       |       |     2 ||     2
         Potion            |       |       |       |     1 ||     1
   Stab: Sleeping          |     7 |     1 |     2 |       ||    10
         Distracted        |       |     1 |     1 |       ||     2
 Armour: Robe              |    25 |    27 |    35 |    58 ||   145
  Dodge: Dodged            |    36 |    37 |    45 |    82 ||   200
  Block: Buckler           |     3 |       |       |       ||     3

Table legend: (Time is in decaauts)
 A = Elapsed time spent in this place.
 B = Non-inter-level travel time spent in this place.
 C = Inter-level travel time spent in this place.
 D = Time resting spent in this place.
 E = Time spent auto-exploring this place.
 F = Levels seen in this place.
 G = Mean time per level.
                   A        B        C        D        E       F      G
               +--------+--------+--------+--------+--------+-----+--------+
         Total |  11788 |  11357 |    431 |   1332 |   8493 |  10 | 1178.8 |
       Dungeon |  11725 |  11322 |    403 |   1332 |   8493 |   9 | 1302.8 |
        Temple |     62 |     34 |     28 |      0 |      0 |   1 |   62.0 |
               +--------+--------+--------+--------+--------+-----+--------+

Top non-repeatable levels by time:
     D:9: 2195 daAuts
     D:8: 1887 daAuts
     D:4: 1367 daAuts
     D:5: 1306 daAuts
     D:6: 1256 daAuts
     D:1: 1002 daAuts
     D:7: 958 daAuts
     D:3: 906 daAuts
     D:2: 846 daAuts
  Temple: 62 daAuts
